 Dungeon Crawl Stone Soup version 0.16-a0-2652-gd333f3b (webtiles) character file.

8943 FishServ the Slinger (level 10, -9/132 HPs)
             Began as a Demigod Fighter on Nov 23, 2014.
             Mangled by a minotaur
             ... wielding a cursed +1 iron rod (3/9)
              (16 damage)
             ... in a labyrinth.
             The game lasted 00:45:55 (7874 turns).

FishServ the Slinger (Demigod Fighter)              Turns: 7874, Time: 00:45:55

Health: -9/132     AC: 17    Str: 28    XL:     10   Next: 95%
Magic:  17/17      EV:  8    Int: 12    God:
Gold:   474        SH: 12    Dex: 21    Spells: 0 memorised, 9 levels left

rFire  + + .     SeeInvis .     a - +0 flail
rCold  . . .     Clarity  +     N - +2 ring mail {rF+}
rNeg   . . .     SustAb   +     c - +0 shield
rPois  .         Gourm    .     t - +2 helmet
rElec  .         Spirit   .     Y - +1 cloak
rCorr  .         Warding  .     e - +2 pair of gloves
rMut   .         Stasis   .     (no boots)
MR     +....                    T - amulet of clarity
Stlth  ..........               l - ring of protection from fire
                                f - +4 ring of strength

@: mighty, berserking (expiring), very quick, somewhat resistant to hostile
enchantments, extremely unstealthy
A: sustain abilities
a: no special abilities


You were in a labyrinth.
You were hungry.

You visited 2 branches of the dungeon, and saw 12 of its levels.
You also visited: Labyrinth, Sewer and Ice Cave.

You collected 474 gold pieces.

Inventory:

Hand weapons
 a - a +0 flail (weapon)
 b - a +3 hunting sling of flaming
 j - a +0 blowgun
 R - a +2 glaive of flaming
Missiles
 k - 192 stones (quivered)
 o - 32 sling bullets
 y - 4 tomahawks
 G - 34 poisoned needles
 P - 20 exploding sling bullets
Armour
 c - a +0 shield (worn)
 e - a +2 pair of gloves (worn)
 t - a +2 helmet (worn)
 N - a +2 ring mail of fire resistance (worn)
 V - the -3 chain mail of Elyvilon's Fury {rElec rF+ Str-1 Dex+1}
   (You found it on level 10 of the Dungeon)

   It affects your strength (-1).
   It affects your dexterity (+1).
   It protects you from fire.
   It insulates you from electricity.
 Y - a +1 cloak (worn)
Magical staves
 x - an uncursed staff of death {unknown}
Jewellery
 f - a +4 ring of strength (left hand)
 l - a ring of protection from fire (right hand)
 q - an uncursed amulet of resist mutation
 T - an amulet of clarity (around neck)
Magical devices
 n - a wand of flame (24)
 C - a wand of polymorph (22)
 I - a wand of frost (23)
 K - a wand of lightning (3)
Scrolls
 u - a scroll of acquirement {unknown}
 v - 2 scrolls of fear
 B - a scroll of noise {unknown}
 F - a scroll of recharging
 W - a scroll of teleportation
 Z - a scroll of random uselessness {unknown}
Potions
 i - 5 potions of heal wounds
 m - 3 potions of restore abilities
 r - a potion of brilliance
 z - a potion of invisibility
 A - a potion of cancellation
 D - 2 potions of cure mutation
 H - 2 potions of magic
 M - a potion of berserk rage
 O - 2 potions of curing {unknown}
 X - a potion of haste {unknown}
Miscellaneous
 w - a plain deck of changes {the Mercenary}
Comestibles
 d - 14 bread rations
 h - 3 meat rations
 p - 7 fruits
 s - 3 beef jerkies
 Q - 7 slices of pizza


   Skills:
 + Level 7.7 Fighting
 - Level 2.8 Maces & Flails
 - Level 11.0 Slings
 + Level 7.9 Armour
 - Level 5.4 Shields


You had 9 spell levels left.
You didn't know any spells.

Dungeon Overview and Level Annotations

Branches:
Dungeon (10/15)            Temple (0/1) D:7            Lair (2/8) D:8
    Orc: D:9-12

Shops:
D:6 !   D:8 %

Annotations:
Lair:1 Gastronok


Innate Abilities, Weirdness & Mutations

Your attributes are resistant to harm.


Message History

The minotaur hits you with an iron rod!
* * * LOW HITPOINT WARNING * * *
The minotaur gores you but does no damage.
Press: ? - help, v - describe, . - travel
Here: a minotaur, wielding an iron rod, wearing a shiny scale mail and wearing a heavily runed crystal amulet (moderately wounded)
An open door, spattered with blood.
Unknown command.
Unknown command.
You barely miss the minotaur.
The minotaur is moderately wounded.
You are too berserk!
You thump the minotaur!
The minotaur is heavily wounded.
The minotaur hits you but does no damage.
The minotaur gores you but does no damage.
You are too berserk!
You bludgeon the minotaur!!
The minotaur is almost dead.
You block the minotaur's attack. The minotaur gores you!
You die...

. #.# . #
..# # ###.
.#. # #...
...# #.
##..# # ▓.
# ##
...#.#
≈▓..# . .
#..#.#.≈≈▓
...#
#..H...<≈▓
.# ##@#
▓..# #
#..# ▓..#
..# #..##
#▓▓▓.
#.### #...
.. ... . .
. #.#.#.
## #. ####
#. .#.# .#
#.###.# #
... # ###.
#.


You could see a minotaur.

Vanquished Creatures
  A black mamba (Lair:1)
  Maurice (D:8)
  A komodo dragon (Lair:2)
  Prince Ribbit (D:4)
  A deep elf mage (D:9)
  A wraith (D:8)
  A human (D:7)
  A steam dragon (D:7)
  3 yaks (D:10)
  A hippogriff (D:8)
  Edmund (D:4)
  Menkaure (D:5)
  2 water moccasins
  A porcupine (Lair:2)
  5 orc warriors
  Purgy (Sewer)
  3 black bears
  An ice beast (D:7)
  A necrophage (D:8)
  10 ogres
  7 sky beasts
  The ghost of tijit the Magician, an average DrWz (D:3)
  4 phantoms
  3 centaurs
  Sigmund (D:3)
  3 big kobolds
  An elf skeleton (D:8)
  7 giant frogs
  4 wights
  2 scorpions
  6 crimson imps
  4 goliath beetles
  3 human zombies (D:8)
  3 orc priests
  A jelly (D:8)
  2 gnoll shamans (D:7)
  A centaur skeleton (D:7)
  3 giant frog skeletons
  2 human skeletons (D:8)
  A worker ant (D:9)
  6 orc wizards
  4 hounds
  2 iguanas
  Natasha (thrice) (D:5)
  12 sheep
  Ijyb (D:6)
  An ogre zombie (D:8)
  2 hound zombies
  A hound skeleton (D:10)
  Robin (D:3)
  11 gnolls (D:7)
  A worker ant zombie (D:5)
  11 adders
  12 white imps (Lair:1)
  A giant mite (D:6)
  A worm (D:3)
  An adder zombie (D:6)
  3 giant geckos
  An ooze (D:2)
  26 orcs
  3 ball pythons
  13 bats
  A bat zombie (D:7)
  5 giant cockroaches
  6 hobgoblins
  5 jackals
  7 quokkas
  A giant spore (D:7)
  15 goblins
  15 kobolds
  An orc skeleton (D:8)
  An orc zombie (D:8)
  5 rats
  2 ballistomycetes (D:7)
  3 fungi (D:7)
  A plant (D:7)
282 creatures vanquished.

Vanquished Creatures (others)
  A sky beast (D:10)
  An orc wizard (D:4)
  A plant (D:7)
3 creatures vanquished.

Grand Total: 285 creatures vanquished

Notes
Turn   | Place    | Note
--------------------------------------------------------------
     0 | D:1      | FishServ, the Demigod Fighter, began the quest for the Orb.
     0 | D:1      | Reached XP level 1. HP: 18/18 MP: 2/2
   319 | D:2      | Reached skill level 3 in Shields
   336 | D:2      | Reached XP level 2. HP: 19/25 MP: 3/3
   704 | D:3      | Reached XP level 3. HP: 26/30 MP: 5/5
   803 | D:3      | Found a sparkling altar of Nemelex Xobeh.
   831 | D:3      | Reached skill level 1 in Slings
   894 | D:3      | Noticed tijit's ghost (average DrWz)
   924 | D:3      | Killed tijit's ghost
   924 | D:3      | Reached XP level 4. HP: 33/37 MP: 7/7
   961 | D:3      | Noticed Sigmund
   978 | D:3      | Killed Sigmund
   978 | D:3      | Reached skill level 4 in Shields
   978 | D:3      | Reached XP level 5. HP: 24/42 MP: 8/8
  1080 | D:3      | Noticed Robin
  1088 | D:3      | Killed Robin
  1319 | D:4      | Noticed Edmund
  1581 | D:4      | Noticed a phantom
  1603 | D:4      | Killed a phantom
  1603 | D:4      | Reached XP level 6. HP: 48/50 MP: 10/10
  1621 | D:4      | Found a shadowy altar of Dithmenos.
  1623 | D:4      | Found a basalt altar of Yredelemnul.
  1714 | D:4      | Killed Edmund
  1775 | D:4      | Reached skill level 5 in Slings
  2104 | D:5      | Entered Level 5 of the Dungeon
  2113 | D:5      | Reached skill level 5 in Shields
  2113 | D:5      | Reached XP level 7. HP: 41/56 MP: 12/12
  2239 | D:5      | Noticed Menkaure
  2248 | D:5      | Killed Menkaure
  2367 | D:5      | Reached skill level 6 in Slings
  2371 | D:5      | Noticed Natasha
  2380 | D:5      | Killed Natasha
  2647 | D:5      | Noticed Natasha
  2648 | D:5      | Killed Natasha
  2655 | D:5      | Noticed Natasha
  2656 | D:5      | Killed Natasha
  2728 | D:5      | Noticed Prince Ribbit
  2765 | D:4      | Killed Prince Ribbit
  2765 | D:4      | Reached skill level 7 in Slings
  2765 | D:4      | Reached XP level 8. HP: 45/62 MP: 13/13
  3065 | D:6      | Found Ratwet's Distillery.
  3206 | D:6      | Reached skill level 8 in Slings
  3287 | D:6      | Noticed Ijyb
  3291 | D:6      | Killed Ijyb
  3367 | D:6      | Found a glowing drain.
  3379 | Sewer    | Entered a sewer
  3423 | Sewer    | Noticed Purgy
  3430 | Sewer    | Killed Purgy
  3675 | D:7      | Reached skill level 9 in Slings
  3881 | D:7      | Found a staircase to the Ecumenical Temple.
  3940 | D:7      | Reached XP level 9. HP: 63/68 MP: 15/15
  4033 | D:7      | Reached skill level 10 in Slings
  4343 | D:7      | Reached skill level 11 in Slings
  5231 | D:8      | Noticed Maurice
  5310 | D:8      | Killed Maurice
  5310 | D:8      | Reached skill level 5 in Armour
  5355 | D:8      | Reached XP level 10. HP: 73/80 MP: 17/17
  5438 | D:8      | Reached skill level 5 in Fighting
  5520 | D:8      | Found an ancient bone altar of Kikubaaqudgha.
  6428 | D:10     | Entered Level 10 of the Dungeon
  6452 | D:10     | Found a bloodstained altar of Trog.
  6613 | D:10     | Got a smelly chain mail
  6648 | D:10     | Identified the cursed -3 chain mail of Elyvilon's Fury {rElec rF+ Str-1 Dex+1} (You found it on level 10 of the Dungeon)
  6971 | D:8      | Found Ofrouwke's Food Shop.
  7190 | D:8      | Found a staircase to the Lair.
  7196 | Lair:1   | Entered Level 1 of the Lair of Beasts
  7291 | Lair:1   | Found a frozen archway.
  7302 | IceCv    | Entered an ice cave
  7525 | Lair:1   | Got an ancient ring mail
  7538 | Lair:1   | Identified the +0 ring mail of Xuduweuh {Int+4 Dex+4} (You found it on level 1 of the Lair of Beasts)
  7565 | Lair:1   | Noticed Gastronok
  7651 | Lair:2   | Found a labyrinth entrance.
  7676 | Lab      | Entered a labyrinth
  7857 | Lab      | Noticed a minotaur
  7871 | Lab      | HP: 6/132 [minotaur/iron rod (8)]
  7874 | Lab      | Mangled by a minotaur

Action                   |  1- 3 |  4- 6 |  7- 9 | 10-12 || total
-------------------------+-------+-------+-------+-------++-------
Melee: Flail             |    75 |    42 |    20 |    13 ||   150
       Unarmed           |       |    13 |       |       ||    13
       Whip              |       |       |    58 |       ||    58
 Fire: Hunting sling     |    38 |   115 |   490 |   464 ||  1107
Throw: Stone             |    19 |       |       |       ||    19
Evoke: Wand              |       |       |       |     1 ||     1
  Use: Scroll            |     4 |     3 |    11 |     6 ||    24
       Potion            |     1 |       |       |     2 ||     3
 Stab: Fleeing           |       |       |       |     1 ||     1
  Eat: Chunk             |       |     4 |    10 |     6 ||    20
